 Dungeon Crawl Stone Soup version 0.29-a0-582-ge82337ba6a (console) character file.

Game seed: 14126615112153628903

4706 om the Nimble (level 10, -21/70 HPs)
             Began as a Merfolk Ice Elementalist on June 14, 2022.
             Was a Priest of Dithmenos.
             Demolished by a two-headed ogre
             ... wielding a +0 giant club
              (24 damage)
             ... on level 8 of the Dungeon.
             The game lasted 00:23:30 (10055 turns).

om the Nimble (Merfolk Ice Elementalist)           Turns: 10055, Time: 00:23:31

Health: -21/70     AC: 10    Str: 13    XL:     10   Next: 45%
Magic:  13/16      EV: 18    Int: 16    God:    Dithmenos [***...]
Gold:   412        SH:  5    Dex: 17    Spells: 5/18 levels left

rFire   . . .      SeeInvis .   j - +8 dagger {flame, Will+ Str+4}
rCold   . . .      Faith    .   (no shield)
rNeg    . . .      Spirit   .   D - +2 robe {Will+}
rPois   .          Reflect  +   (no helmet)
rElec   .          Harm     .   w - +0 cloak
rCorr   .          Rampage  .   p - +0 pair of gloves
Will    ++...                   (no boots)
Stlth   ++++++....              t - amulet of reflection
HPRegen 0.21/turn               s - +4 ring of protection
MPRegen 0.15/turn               A - ring of wizardry

@: freezing walls, wreathed by umbra
A: (nimble swimmer 2), mertail
a: Renounce Religion, Shadow Step


You were on level 8 of the Dungeon.
You worshipped Dithmenos.
Dithmenos was most pleased with you.
You visited 2 branches of the dungeon, and saw 10 of its levels.

You collected 520 gold pieces.
You spent 108 gold pieces at shops.

Inventory:

Hand Weapons
 h - a +3 dagger of flaming
 j - the +8 dagger "Giant's Nightmare" (weapon) {flame, Will+ Str+4}
   (You found it on level 3 of the Dungeon)

   It burns those it strikes, dealing additional fire damage.
   Str:       It affects your strength (+4).
   Will:      It increases your willpower.
 n - a +0 dagger of venom
 F - a +3 rapier
 P - a +0 lajatang
Missiles
 d - 26 poisoned darts
Armour
 p - a +0 pair of gloves (worn)
 w - a +0 cloak (worn)
 D - a +2 robe of willpower (worn)
Jewellery
 c - a ring of ice
 g - a ring of ice
 s - a +4 ring of protection (left hand)
 t - an amulet of reflection (around neck)
 v - an amulet of faith
 A - a ring of wizardry (right hand)
 C - an amulet of the acrobat
 E - a ring of protection from cold
 H - a ring of positive energy
Wands
 r - a wand of charming (3)
 y - a wand of paralysis (22)
 z - a wand of acid (21)
 B - a wand of flame (33)
 J - a wand of polymorph (4)
Scrolls
 f - 3 scrolls of teleportation
 i - 2 scrolls of fear
 I - a scroll of enchant weapon
 L - a scroll of acquirement
 M - a scroll of silence
 N - a scroll of poison {unknown}
 O - a scroll of fog
Potions
 a - a potion of brilliance
 b - 2 potions of magic
 e - 3 potions of flight
 k - 2 potions of heal wounds
 l - a potion of ambrosia
 m - 5 potions of curing
 o - 2 potions of berserk rage
 q - 2 potions of degeneration {unknown}
 u - a potion of lignification
 x - 2 potions of resistance
 G - 2 potions of attraction {unknown}
 K - a potion of haste


   Skills:
 * Level 3.6 Fighting
 * Level 8.3 Short Blades
 * Level 9.8 Dodging
 * Level 9.1 Stealth
 + Level 4.5 Spellcasting
 * Level 8.0 Ice Magic


You had 5 spell levels left.
You knew the following spells:

 Your Spells              Type           Power      Damage    Failure   Level
a - Freeze                Ice            100%       1d11      1%          1
b - Frozen Ramparts       Ice            58%        1d7       1%          3
c - Ozocubu's Armour      Ice            29%        N/A       1%          3
d - Mephitic Cloud        Conj/Pois/Air  3%         N/A       19%         3
e - Ignite Poison         Fire/Tmut/Pois 3%         N/A       19%         3

Your spell library contained the following spells:

 Spells                   Type           Power      Damage    Failure   Level
 Hailstorm                Conj/Ice       16%        3d6       12%         4
 Summon Guardian Golem    Hex/Summ       3%         N/A       19%         3
 Freezing Cloud           Conj/Ice/Air   6%         6-21      50%         5
 Orb of Destruction       Conj           1%         9d5       100%        7
 Spellforged Servitor     Conj/Summ      1%         N/A       100%        7


Dungeon Overview and Level Annotations

Branches:
Dungeon (9/15)             Temple (1/1) D:4            Lair (0/6) D:9
    Orc (0/2) D:9

Altars:
Ashenzari
Cheibriados
Dithmenos
Elyvilon
Fedhas
Gozag
Hepliaklqana
Kikubaaqudgha
Makhleb
Nemelex Xobeh
Okawaru
Qazlal
Ru
Sif Muna
Trog
Uskayaw
Vehumet
Wu Jian
Xom
Yredelemnul
Zin

Shops:
D:8 ?*:*   D:9 !

Annotations:
D:7 3 runed translucent doors, Heh's ghost, amateur OpMo; Pelinal's ghost, novice DsCK
D:8 1 runed translucent door
D:9 2 transporters


Innate Abilities, Weirdness & Mutations

((You are very nimble when in or above water. (Stealth+, EV+, Speed+++)))
Your lower body shifts to a powerful aquatic tail in water.


Message History

You finish memorising.
Spell assigned to 'd'.
This spell is dangerous to cast!
Memorise Ignite Poison, consuming 3 spell levels and leaving 5?
You start memorising the spell.
You continue memorising. x3
You finish memorising.
Spell assigned to 'e'.
(D) Dungeon (T) Temple (L) Lair (O) Orcish Mines
Where to? (Enter - D:9, ? - help)
You climb downwards.
Level annotation: 2 transporters The two-headed ogre shouts in stereo!
The two-headed ogre closely misses you.
The two-headed ogre hits you but does no damage.
There is a stone staircase leading up here.
You climb upwards.
Level annotation: 1 runed translucent door
There is a stone staircase leading down here.
Aiming: Paralyse
Press: ? - help, Shift-Dir - straight line, f - two-headed ogre
Aim: a two-headed ogre, wielding two +0 giant clubs (umbra, chance to affect: 31%)
Okay, then.
Okay, then.
Okay, then.
Unknown command.
Casting: Ozocubu's Armour (safe; 1% risk of failure)
Confirm with . or Enter, or press ? or * to list all spells.
Casting: Frozen Ramparts (safe; 1% risk of failure)
Press: ? - help, Dir - look around, f - activate A stone staircase leading down.
This square is wreathed by an umbra.
The walls around you are covered in ice.
The wall freezes the two-headed ogre.
The two-headed ogre hits you with a +0 giant club!! x2
* * * LOW HITPOINT WARNING * * *
As you read the scroll of fear, it crumbles to dust.
You assume a fearsome visage.
The two-headed ogre looks frightened!
The wall freezes the two-headed ogre.
Your attack snaps the two-headed ogre out of its fear.
The two-headed ogre closely misses you.
The two-headed ogre hits you with a +0 giant club!!
You die...

##.# ##.##
##.##......... ####.#
#..# #.##.########
.....## #>.## ##.##.#
......# #.#.###..##.#
####..# #.##...#.##.#
#..# #.######.##.# #..#
#####.######.##.# #..#
##.......O....##.#
#..###)..#...@.....##.#
#..##.#.#...#.........#
#....)).....#.###.#####
####.###.....#...# #.#
...............### #.#
.....####...##.# #.#
##########.###.#####.#
)))...............>..#
######################


You could see a two-headed ogre.

Vanquished Creatures
  A two-headed ogre (D:9)
  A hornet (D:9)
  A troll (D:5)
  A shadow (D:8)
  A wyvern (D:9)
  Menkaure (D:7)
  An acid dragon (D:9)
  A water moccasin (D:7)
  An ice beast (D:6)
  An orc warrior (D:7)
  3 black bears
  3 ogres
  A phantom (D:7)
  2 kobold brigands
  Blork the orc (D:5)
  4 bullfrogs
  A gnoll sergeant (D:8)
  4 scorpions
  11 killer bees
  A howler monkey (D:8)
  6 hounds
  3 jellies
  An orc priest (D:7)
  4 gnoll shamans
  2 iguanas
  Natasha (thrice) (D:4)
  An orc wizard (D:4)
  A hell rat (D:8)
  20 gnolls
  7 adders
  3 river rats
  2 shadow imps (D:5)
  3 white imps
  2 ufetubi
  2 worms (D:2)
  2 dart slugs
  15 orcs
  10 bats
  12 endoplasms
  2 giant cockroaches
  13 goblins
  7 hobgoblins
  3 jackals (D:4)
  14 kobolds
  7 quokkas
  8 ball pythons
  4 frilled lizards
  6 rats
204 creatures vanquished.

Vanquished Creatures (others)
  3 withered plants (D:7)
3 creatures vanquished.

Grand Total: 207 creatures vanquished

Notes
Turn   | Place    | Note
-------+----------+-------------------------------------------
     0 | D:1      | om the Merfolk Ice Elementalist began the quest for the
                  | Orb.
     0 | D:1      | Reached XP level 1. HP: 13/13 MP: 3/3
   336 | D:1      | Reached XP level 2. HP: 19/19 MP: 5/5
   966 | D:1      | Reached XP level 3. HP: 10/24 MP: 1/6
  1851 | D:2      | Learned a level 3 spell: Frozen Ramparts
  2109 | D:2      | Reached skill level 5 in Ice Magic
  2186 | D:2      | Found a shimmering altar of Xom.
  2251 | D:2      | Reached XP level 4. HP: 25/30 MP: 7/7
  2877 | D:3      | Identified the +8 dagger "Giant's Nightmare" {flame, Will+
                  | Str+4}
  3702 | D:4      | Reached XP level 5. HP: 35/35 MP: 5/9
  3705 | D:4      | Reached skill level 1 in Short Blades
  4273 | D:4      | Noticed Natasha
  4276 | D:4      | Killed Natasha
  4405 | D:4      | Reached XP level 6. HP: 41/41 MP: 5/10
  4793 | D:4      | Noticed Natasha
  4800 | D:4      | Killed Natasha
  4952 | D:4      | Found a staircase to the Ecumenical Temple.
  5034 | D:4      | Noticed Natasha
  5046 | D:4      | Killed Natasha
  5182 | Temple   | Entered the Ecumenical Temple
  5320 | Temple   | Became a worshipper of Dithmenos the Shadowed
  5386 | D:5      | Entered Level 5 of the Dungeon
  5425 | D:5      | Reached XP level 7. HP: 43/46 MP: 5/11
  5443 | D:5      | Learned a level 3 spell: Ozocubu's Armour
  5658 | D:5      | Noticed Blork the orc
  5672 | D:5      | Killed Blork the orc
  5673 | D:5      | Reached skill level 5 in Dodging
  5673 | D:5      | Reached skill level 5 in Stealth
  6391 | D:5      | Noticed a troll
  6393 | D:5      | Killed a troll
  6394 | D:5      | Reached XP level 8. HP: 52/52 MP: 13/13
  6593 | D:6      | Reached skill level 5 in Short Blades
  6894 | D:6      | Reached * piety under Dithmenos
  7506 | D:7      | Reached XP level 9. HP: 34/57 MP: 11/15
  7862 | D:7      | Noticed Menkaure
  8270 | D:7      | Found a white marble altar of Elyvilon.
  8287 | D:7      | Reached ** piety under Dithmenos
  8536 | D:7      | Killed Menkaure
  8587 | D:7      | Found a runed translucent gate.
  8588 | D:7      | Found a runed translucent gate.
  8588 | D:7      | Found a runed translucent gate.
  8591 | D:7      | Noticed Heh's ghost (amateur OpMo)
  8591 | D:7      | Noticed Pelinal's ghost (novice DsCK)
  8662 | D:8      | Reached skill level 1 in Fighting
  8785 | D:8      | Identified a scroll of acquirement
  9320 | D:8      | Noticed a green ugly thing
  9320 | D:8      | Noticed a wizard
  9320 | D:8      | Noticed a cyclops
  9321 | D:8      | Found a runed translucent door.
  9323 | D:8      | Noticed a cyclops
  9323 | D:8      | Noticed a boulder beetle
  9323 | D:8      | Identified the +7 shortbow of Yredelemnul {speed, rPois rC+
                  | Str+3}
  9323 | D:8      | Noticed a centaur warrior
  9357 | D:8      | Found Loluun's General Store.
  9357 | D:8      | Found Xuesef's Assorted Antiques.
  9360 | D:8      | Found Jeebbe's Book Shoppe.
  9361 | D:8      | Found Fengen's Magic Scroll Shoppe.
  9377 | D:8      | Reached XP level 10. HP: 31/67 MP: 16/16
  9555 | D:8      | Bought a scroll of identify for 24 gold pieces
  9555 | D:8      | Bought a scroll of identify for 24 gold pieces
  9555 | D:8      | Bought a scroll of identify for 24 gold pieces
  9563 | D:8      | Bought a potion of curing for 36 gold pieces
  9726 | D:9      | Found a transporter.
  9731 | D:9      | Found a transporter.
  9757 | D:9      | Noticed a death yak
  9828 | D:9      | Found Qeqiddux's Distillery.
  9840 | D:9      | Found a staircase to the Orcish Mines.
  9868 | D:9      | Noticed a two-headed ogre
  9880 | D:9      | Noticed a death yak
  9897 | D:9      | Killed a two-headed ogre
  9928 | D:9      | Found a staircase to the Lair.
  9931 | D:9      | Noticed a death yak
  9958 | D:8      | Reached *** piety under Dithmenos
 10039 | D:9      | Noticed a two-headed ogre
 10046 | D:8      | Learned a level 3 spell: Mephitic Cloud
 10050 | D:8      | Learned a level 3 spell: Ignite Poison
 10054 | D:8      | HP: 3/70 [two-headed ogre/+0 giant club (19)]
 10055 | D:8      | Demolished by a two-headed ogre

Illustrated notes

Levels and vault maps discovered:
D:1:      eino_arrival_cavern_c, layout_basic, nrook_mini_vaults,
          minmay_misc_feat_secret_circle
D:2:      layout_rooms, serial_curves, eino_curves_01, eino_curves_03,
          eino_curves_03, eino_curves_01, basic_altar, chequers_avenue
D:3:      layout_loops_cross
D:4:      cheibrodos_helix_gallery, layout_basic, lemuel_temple_firewalk_a,
          serial_rivers, chequers_serial_rivers_micro_a,
          chequers_serial_rivers_micro_d, chequers_serial_rivers_small_b,
          chequers_serial_rivers_micro_c, uniq_natasha
D:5:      layout_basic, roderic_roman_lattice, kennysheep_nub,
          uniq_blork_the_orc
D:6:      layout_basic
D:7:      layout_rooms, elyvilon_altar_1, gammafunk_ghost_cemetery,
          uniq_menkaure
D:8:      minmay_gate_of_8, layout_loops_ring, minmay_shop_grid_forest
D:9:      gammafunk_steamed_eel, layout_cave_pools, dpeg_lair_monsters,
          orc_0_dummy, serial_shops, shop, minivault_13
Temple:   regret_index_temple_chain_breaker

Skill      XL: |  1  2  3  4  5  6  7  8  9 10 |
---------------+-------------------------------+-----
Dodging        | 3 4 5 7 9 |  9.8
Ice Magic      | 5 6 7 8 |  8.0
Stealth        | 3 4 5 6 8 9 |  9.1
Short Blades   | 2 3 4 6 7 8 |  8.3
Spellcasting   | 3 4 |  4.5
Fighting       | 2 3 |  3.6

Action                   |  1- 3 |  4- 6 |  7- 9 | 10-12 || total
-------------------------+-------+-------+-------+-------++-------
Melee: Dagger            |    44 |    59 |   151 |    35 ||   289
       Punch             |       |       |     1 |       ||     1
 Cast: Freeze            |    33 |    26 |    20 |     2 ||    81
       Frozen Ramparts   |     3 |    10 |    25 |     4 ||    42
       Ozocubu's Armour  |       |       |    15 |     3 ||    18
  Use: Scroll            |     3 |     5 |     9 |     5 ||    22
       Potion            |       |       |     3 |       ||     3
 Stab: Sleeping          |     4 |    12 |     9 |     4 ||    29
       Distracted        |       |       |     1 |       ||     1
Armor: Robe              |     9 |    15 |    34 |     9 ||    67
Dodge: Dodged            |    54 |    46 |    97 |    51 ||   248
Block: Other             |       |     7 |    22 |    15 ||    44
       Reflection        |       |     1 |     1 |       ||     2

Table legend: (Time is in decaauts)
 A = Elapsed time spent in this place.
 B = Non-inter-level travel time spent in this place.
 C = Inter-level travel time spent in this place.
 D = Time resting spent in this place.
 E = Time spent auto-exploring this place.
 F = Levels seen in this place.
 G = Mean time per level.
                   A        B        C        D        E       F      G
               +--------+--------+--------+--------+--------+-----+--------+
         Total |   9991 |   9599 |    392 |   1692 |   6227 |  10 |  999.1 |
       Dungeon |   9832 |   9465 |    367 |   1692 |   6112 |   9 | 1092.4 |
        Temple |    158 |    133 |     25 |      0 |    115 |   1 |  158.0 |
               +--------+--------+--------+--------+--------+-----+--------+

Top non-repeatable levels by time:
     D:1: 1706 daAuts
     D:4: 1530 daAuts
     D:7: 1332 daAuts
     D:8: 1176 daAuts
     D:2: 1147 daAuts
     D:5: 1049 daAuts
     D:6: 860 daAuts
     D:3: 822 daAuts
     D:9: 206 daAuts
  Temple: 158 daAuts
